 Dungeon Crawl Stone Soup version 0.26-a0-466-g989023bd0d (webtiles) character file.

Game seed: 14804677473336404471

127 1player the Shield-Bearer (level 5, 39/41 HPs)
             Began as a Formicid Fighter on Aug 7, 2020.
             Quit the game on level 3 of the Dungeon.
             The game lasted 00:05:05 (2299 turns).

1player the Shield-Bearer (Formicid Fighter)        Turns: 2299, Time: 00:05:06

Health: 39/41      AC:  6    Str: 21    XL:     5   Next: 33%
Magic:  5/5        EV:  9    Int:  8    God:
Gold:   75         SH: 10    Dex: 10    Spells: 4/4 levels left

rFire    . . .     SeeInvis +   a - +0 flail
rCold    . . .     Faith    .   c - +0 kite shield
rNeg     . . .     Spirit   .   b - +0 scale mail
rPois    .         Reflect  .   (helmet unavailable)
rElec    .         Harm     .   (no cloak)
rCorr    .                      (no gloves)
MR       .....                  (no boots)
Stlth    ..........             (no amulet)
HPRegen  0.13/turn              (no ring)
MPRegen  0.09/turn              (no ring)

@: no status effects
A: permanent stasis, dig shafts and tunnels, four strong arms, antennae 3
a: Dig, Shaft Self


You were on level 3 of the Dungeon.
You visited 1 branch of the dungeon, and saw 3 of its levels.

You collected 75 gold pieces.

Inventory:

Hand Weapons
 a - a +0 flail (weapon)
 f - a +1 short sword of freezing
Armour
 b - a +0 scale mail (worn)
 c - a +0 kite shield (worn)
Jewellery
 h - an uncursed amulet of regeneration {unknown}
 k - an uncursed amulet of reflection {unknown}
Scrolls
 g - a scroll of enchant armour {unknown}
 j - a scroll of fog {unknown}
 l - a scroll of teleportation {unknown}
 n - a scroll of noise {unknown}
 o - a scroll of identify {unknown}
Potions
 d - a potion of might
 e - 2 potions of degeneration {unknown}
 i - 2 potions of curing {unknown}
 m - a potion of flight {unknown}


   Skills:
 - Level 3.2 Fighting
 - Level 2.0 Maces & Flails
 - Level 3.2 Armour
 + Level 6.8 Shields


You had 4 spell levels left.
You didn't know any spells.
Your spell library was empty.

Dungeon Overview and Level Annotations

Branches:
Dungeon (3/15)

Altars:


Innate Abilities, Weirdness & Mutations

You cannot be hasted, slowed, berserked, paralysed or teleported.
You can dig through walls and to a lower floor.
Your four strong arms can wield two-handed weapons with a shield.
You have a pair of large antennae on your head. (SInv)


Message History

The rat is moderately wounded.
The rat bites you but does no damage. You block the rat's attack.
You sock the rat!
You kill the rat!
No target in view!
No target in view!
You see here a rat corpse.
Found 29 stones.
Found an escape hatch in the ceiling.
A rat comes into view.
Found a runed dagger.
Found a stone staircase leading down.
You barely miss the rat. The rat bites you.
You closely miss the rat. The rat closely misses you. The rat bites you.
You sock the rat!
You kill the rat!
No target in view!
o - a scroll labeled UTOJAI XOEPEH Welcome back, 1player the Formicid Fighter.
Press ? for a list of commands and other information.
Are you sure you want to abandon this character and quit the game? (Confirm with "yes".)

....... .......
.......
.......########.
................
...............>
.......)........
.......@........
................
.$......(.......
...........####
...........#
..<........#
...........#
...........#
...........#


There were no monsters in sight!

Vanquished Creatures
  A scorpion (D:2)
  2 adders (D:2)
  2 worms (D:2)
  3 dart slugs
  5 goblins
  4 hobgoblins (D:1)
  A quokka (D:2)
  4 ball pythons
  6 bats
  8 frilled lizards
  4 kobolds
  14 rats
54 creatures vanquished.

Notes
Turn   | Place    | Note
-------+----------+-------------------------------------------
     0 | D:1      | 1player the Formicid Fighter began the quest for the Orb.
     0 | D:1      | Reached XP level 1. HP: 18/18 MP: 1/1
    37 | D:1      | You fall into a shaft and drop 1 floor!
    81 | D:2      | Reached skill level 4 in Shields
    81 | D:2      | Reached XP level 2. HP: 17/24 MP: 2/2
   464 | D:1      | Reached XP level 3. HP: 27/29 MP: 3/3
   600 | D:1      | Reached skill level 5 in Shields
  1100 | D:1      | Reached XP level 4. HP: 34/35 MP: 4/4
  1638 | D:2      | Reached skill level 6 in Shields
  1820 | D:2      | Reached XP level 5. HP: 16/41 MP: 5/5
  2299 | D:3      | Quit the game

Illustrated notes

Levels and vault maps discovered:
D:1:      lemuel_arrival_funnel, layout_loops_cross, grunt_decor_mini_mirrors,
          minivault_26
D:2:      layout_rooms, serial_park_tiny_2
D:3:      layout_basic, minmay_quadrilaterals, uniq_jessica, uniq_robin

Skill      XL: |  1  2  3  4 |
---------------+-------------+-----
Shields        | 4 5 6 |  6.8
Fighting       | |  3.2
Maces & Flails | |  2.0
Armour         | |  3.2

Action                   |  1- 3 |  4- 6 || total
-------------------------+-------+-------++-------
Melee: Flail             |    99 |    76 ||   175
 Abil: Dig               |     1 |       ||     1
Armor: Scale mail        |    52 |    20 ||    72
Dodge: Dodged            |    45 |    32 ||    77
Block: Kite shield       |    73 |    42 ||   115

Table legend: (Time is in decaauts)
 A = Elapsed time spent in this place.
 B = Non-inter-level travel time spent in this place.
 C = Inter-level travel time spent in this place.
 D = Time resting spent in this place.
 E = Time spent auto-exploring this place.
 F = Levels seen in this place.
 G = Mean time per level.
                   A        B        C        D        E       F      G
               +--------+--------+--------+--------+--------+-----+--------+
         Total |   2360 |   2235 |    125 |    551 |    895 |   3 |  786.7 |
       Dungeon |   2360 |   2235 |    125 |    551 |    895 |   3 |  786.7 |
               +--------+--------+--------+--------+--------+-----+--------+

Top non-repeatable levels by time:
     D:2: 1280 daAuts
     D:1: 997 daAuts
     D:3: 82 daAuts
